 Dungeon Crawl Stone Soup version 0.31-a0-881-ge136f0c47a (webtiles) character file.

Game seed: 15121886770035654925

67 CowFu the Shooter (level 4, -1/26 HPs)
             Began as a Kobold Hunter on Oct 16, 2023.
             Slain by a water moccasin (6 damage)
             ... on level 3 of the Dungeon.
             The game lasted 00:02:24 (2100 turns).

CowFu the Shooter (Kobold Hunter)                   Turns: 2100, Time: 00:02:25

Health: -1/26      AC:  4    Str:  8    XL:     4   Next: 40%
Magic:  4/4        EV: 14    Int: 10    God:
Gold:   177        SH:  0    Dex: 20    Spells: 3/3 levels left

rFire   . . .        a - +0 shortbow
rCold   . . .        (shield currently unavailable)
rNeg    . . .        c - +0 leather armour
rPois   .            (no helmet)
rElec   .            (no cloak)
rCorr   .            e - +0 pair of gloves
SInv    .            (no boots)
Will    .....        (no amulet)
Stlth   +++          (no ring)
HPRegen 0.24/turn    (no ring)
MPRegen 0.09/turn

%: no passive effects
@: lethally poisoned (-1 -> -3)
A: small, no large weapons, nightstalker 3
a: no special abilities


You were on level 3 of the Dungeon.
You visited 1 branch of the dungeon, and saw 3 of its levels.

You collected 177 gold pieces.

Inventory:

Hand Weapons
 a - a +0 shortbow (weapon)
Armour
 c - a +0 leather armour (worn)
 e - a +0 pair of gloves (worn)
Talismans
 d - a beast talisman
Wands
 j - a wand of digging (2)
 m - a wand of iceblast (9)
Scrolls
 b - a scroll of butterflies
 f - a scroll of enchant weapon {unknown}
 h - a scroll of revelation {unknown}
 i - a scroll of teleportation {unknown}
 k - a scroll of identify {unknown}
Potions
 g - a potion of lignification {unknown}
 l - a potion of brilliance {unknown}


   Skills:
 - Level 2.1 Fighting
 + Level 7.4 Ranged Weapons
 - Level 2.4 Dodging
 - Level 1.3 Stealth


You had 3 spell levels left.
You didn't know any spells.
Your spell library contained the following spells:

 Spells                   Type           Power      Damage    Failure   Level
 Summon Small Mammal      Summ           0%         N/A       50%         1
 Blink                    Tloc           0%         N/A       63%         2
 Ensorcelled Hibernation  Hex/Ice        0%         N/A       63%         2
 Jinxbite                 Hex            0%         N/A       63%         2
 Lesser Beckoning         Tloc           0%         N/A       63%         2
 Momentum Strike          Conj/Tloc      0%         3d8       63%         2
 Call Canine Familiar     Summ           0%         N/A       86%         3
 Gell's Gravitas          Tloc           0%         N/A       86%         3
 Summon Guardian Golem    Hex/Summ       0%         N/A       86%         3
 Teleport Other           Tloc           0%         N/A       86%         3
 Anguish                  Hex/Necr       0%         N/A       99%         4
 Dispersal                Tloc           0%         N/A       100%        6


Dungeon Overview and Level Annotations

Branches:
Dungeon (3/15)

Altars:
The Shining One


Innate Abilities, Weirdness & Mutations

You are small and have problems with some larger weapons.
You are completely attuned to the shadows.


Message History

The water moccasin bites you.
You shoot an arrow. The arrow hits the water moccasin.
The water moccasin is moderately wounded.
The water moccasin closely misses you. The water moccasin bites you.
You are poisoned.
The water moccasin poisons you!
You shoot an arrow. The arrow hits the water moccasin.
The water moccasin is moderately wounded.
You feel very sick.
The water moccasin completely misses you.
You shoot an arrow.
The arrow barely misses the water moccasin.
You feel sick.
The water moccasin bites you but does no damage.
The water moccasin barely misses you.
You shoot an arrow.
The arrow barely misses the water moccasin.
You feel sick. The water moccasin barely misses you.
You shoot an arrow. The arrow misses the water moccasin.
You feel sick. The water moccasin closely misses you.
The water moccasin bites you but does no damage.
You shoot an arrow.
The arrow completely misses the water moccasin.
You feel sick.
The water moccasin bites you but does no damage.
You shoot an arrow. The arrow hits the water moccasin.
The water moccasin is heavily wounded.
You feel sick. The water moccasin bites you.
* * * LOW HITPOINT WARNING * * *
The water moccasin barely misses you.
You are too injured to fight recklessly!
You are too injured to fight recklessly!
You are too injured to fight recklessly!
Fire: a) +0 shortbow
Press: ? - help, Q - select action, (/) - cycle Shift-Dir - straight line, f/p - water moccasin
Aim: a water moccasin (heavily wounded, 51% to hit)
You shoot an arrow. The arrow hits the water moccasin!
The water moccasin is severely wounded.
You feel sick. The water moccasin bites you.
You die...

....+...........
..(.#...........
........#+#.##+#
####....# #.##.#
..#....<..#.##.#####.
.....................
..#.#######......#.##
..#... ###.##.#...
.###### #+##@..# .#
...S##.# . .... .#
.... . ....


You could see a water moccasin.

Vanquished Creatures
  An adder (D:3)
  2 dart slugs
  An orc (D:3)
  4 bats
  5 endoplasms
  6 giant cockroaches
  5 goblins
  2 hobgoblins (D:1)
  4 jackals (D:1)
  3 quokkas
  8 ball pythons
  A frilled lizard (D:1)
  2 kobolds (D:2)
  3 rats
47 creatures vanquished.

Notes
Turn   | Place    | Note
-------+----------+-------------------------------------------
     0 | D:1      | CowFu the Kobold Hunter began the quest for the Orb.
     0 | D:1      | Reached XP level 1. HP: 12/12 MP: 1/1
   148 | D:1      | Reached XP level 2. HP: 17/17 MP: 2/2
   245 | D:1      | Reached skill level 6 in Ranged Weapons
   548 | D:1      | Reached XP level 3. HP: 21/21 MP: 3/3
  1271 | D:2      | Reached skill level 7 in Ranged Weapons
  1347 | D:2      | Reached XP level 4. HP: 26/26 MP: 4/4
  1574 | D:2      | Found a glowing golden altar of the Shining One.
  2090 | D:3      | Noticed a water moccasin
  2100 | D:3      | Slain by a water moccasin

Illustrated notes

Levels and vault maps discovered:
D:1:      tarquinn_simple_flora_water_b, layout_loops_corners,
          minmay_pentomino_p2
D:2:      layout_loops_corners, basic_altar
D:3:      layout_basic

Skill      XL: |  1  2  3 |
---------------+----------+-----
Ranged Weapons | 6 7 |  7.4
Fighting       | |  2.1
Dodging        | |  2.4
Stealth        | |  1.3

Action                     |  1- 3 |  4- 6 || total
---------------------------+-------+-------++-------
   Fire: Shortbow          |   104 |    25 ||   129
 Armour: Leather armour    |    27 |    11 ||    38
  Dodge: Dodged            |    50 |     8 ||    58
         Form:             |     1 |       ||     1
         Beast             |     1 |       ||     1

Table legend: (Time is in decaauts)
 A = Elapsed time spent in this place.
 B = Non-inter-level travel time spent in this place.
 C = Inter-level travel time spent in this place.
 D = Time resting spent in this place.
 E = Time spent auto-exploring this place.
 F = Levels seen in this place.
 G = Mean time per level.
                   A        B        C        D        E       F      G
               +--------+--------+--------+--------+--------+-----+--------+
         Total |   2117 |   2035 |     82 |      0 |   1773 |   3 |  705.7 |
       Dungeon |   2117 |   2035 |     82 |      0 |   1773 |   3 |  705.7 |
               +--------+--------+--------+--------+--------+-----+--------+

Top non-repeatable levels by time:
     D:1: 1069 daAuts
     D:2: 934 daAuts
     D:3: 114 daAuts
